TOP OF THE 1ST |
Rome Braves batting - Pitching for Williamsport Crosscutters : RHP Brian Yager
|
Pitching: RHP Brian Yager
|
|
Batting: RHB Alex Velasquez
|
0-0: Called Strike 0-1: Called Strike 0-2: Strikes out swinging
|
Batting: RHB Brandon Burrell
|
0-0: Called Strike 0-1: Ball 1-1: Foul Ball, location: 2F 1-2: Reached on error, E5 (Line Drive, 5, EV 72.5 MPH)
|
Batting: RHB Ike Trout
|
0-0: Called Strike 0-1: Fly out, F8 (Line Drive, 8RD, EV 88.1 MPH)
|
Batting: LHB Mike Tenorio
|
0-0: Called Strike 0-1: Ball 1-1: Swinging Strike 1-2: Strikes out swinging
|
Top of the 1st over - 0 runs, 0 hits, 1 error, 1 left on base; Rome 0 - Williamsport 0 |
BOTTOM OF THE 1ST |
Williamsport Crosscutters batting - Pitching for Rome Braves : RHP Jae-young Jhang
|
Pitching: RHP Jae-young Jhang
|
|
Batting: RHB Prabhukumar Santhanakrishnan
|
0-0: Ball 1-0: Ball 2-0: Swinging Strike 2-1: Fly out, F8 (Flyball, 8RD, EV 96.9 MPH)
|
Batting: RHB Alan Weller
|
0-0: Foul Ball, location: 2F 0-1: Called Strike 0-2: Fly out, F3 (Popup, 3F, EV 78.1 MPH)
|
Batting: SHB Benjamin Brown
|
0-0: Ball 1-0: Foul Ball, location: 2F 1-1: Fly out, F8 (Flyball, 8LS, EV 82.5 MPH)
|
Bottom of the 1st over - 0 runs, 0 hits, 0 errors, 0 left on base; Rome 0 - Williamsport 0 |
TOP OF THE 2ND |
Rome Braves batting - Pitching for Williamsport Crosscutters : RHP Brian Yager
|
Batting: RHB Jose Ramos
|
0-0: Ball 1-0: Ball 2-0: Called Strike 2-1: Foul Ball, location: 2F 2-2: DOUBLE (Line Drive, 7LM, EV 106.3 MPH)
|
Batting: RHB Peter Wheeler
|
0-0: Ball 1-0: Foul Ball, location: 2F 1-1: Ball 2-1: Ball Wild Pitch! Jose Ramos to third 3-1: Fly out, F8 (Flyball, 8LM, EV 81.9 MPH) Runner from 3rd tags up, SCORES, throw by CF
|
Batting: SHB Eric Reeser
|
0-0: Ball 1-0: Foul Ball, location: 2F 1-1: Ground out U3 (Groundball, 34S, EV 82.5 MPH)
|
Batting: LHB Malik Boulay
|
0-0: Ball 1-0: Ball 2-0: Called Strike 2-1: Foul Ball, location: 2F 2-2: Ball 3-2: Foul Ball, location: 2F 3-2: DOUBLE (Line Drive, 8LXD, EV 103.8 MPH)
|
Batting: RHB Adrian Billups
|
0-0: Called Strike 0-1: Ball 1-1: Swinging Strike 1-2: Strikes out swinging
|
Top of the 2nd over - 1 run, 2 hits, 0 errors, 1 left on base; Rome 1 - Williamsport 0 |
BOTTOM OF THE 2ND |
Williamsport Crosscutters batting - Pitching for Rome Braves : RHP Jae-young Jhang
|
Batting: LHB Tsuneharu Nishimura
|
0-0: Ball 1-0: Ball 2-0: Called Strike 2-1: Called Strike 2-2: Ball 3-2: Base on Balls
|
Batting: RHB Matt McDevitt
|
0-0: Swinging Strike 0-1: Ball 1-1: Ball 2-1: Foul Ball, location: 2F 2-2: SINGLE (Groundball, 4D, EV 96.9 MPH) Tsuneharu Nishimura to second Tsuneharu Nishimura to third
|
Batting: RHB Allen Gravel
|
0-0: Swinging Strike 0-1: Ball 1-1: Ball 2-1: Ball 3-1: Base on Balls Matt McDevitt to second
|
Batting: RHB Ken Gadberry
|
0-0: Ball 1-0: Ball 2-0: Called Strike 2-1: Swinging Strike 2-2: Ball 3-2: SINGLE (Groundball, 56D, EV 96.3 MPH) Tsuneharu Nishimura scores Matt McDevitt to third Allen Gravel to second
|
Batting: RHB Jimmy Misener
|
0-0: Called Strike 0-1: Called Strike 0-2: Strikes out swinging
|
Batting: RHB Cory Bonham
|
0-0: Ball 1-0: Fly out, F5 (Line Drive, 5, EV 71.9 MPH) Lined into DP, U5 (Line Drive, 5, EV 76.3 MPH)
|
Bottom of the 2nd over - 1 run, 2 hits, 0 errors, 2 left on base; Rome 1 - Williamsport 1 |
TOP OF THE 3RD |
Rome Braves batting - Pitching for Williamsport Crosscutters : RHP Brian Yager
|
Batting: RHB Alex Velasquez
|
0-0: Called Strike 0-1: Ball 1-1: Foul Ball, location: 2F 1-2: Ground out 6-3 (Groundball, 6, EV 80.0 MPH)
|
Batting: RHB Brandon Burrell
|
0-0: Ball 1-0: Foul Ball, location: 2F 1-1: Swinging Strike 1-2: SINGLE (Groundball, 56D, EV 103.8 MPH)
|
Batting: RHB Ike Trout
|
0-0: Called Strike 0-1: Fly out, F7 (Line Drive, 7, EV 98.1 MPH)
|
Batting: LHB Mike Tenorio
|
0-0: Called Strike 0-1: Called Strike 0-2: Ball 1-2: Foul Ball, location: 2F 1-2: Ball 2-2: Strikes out swinging
|
Top of the 3rd over - 0 runs, 1 hit, 0 errors, 1 left on base; Rome 1 - Williamsport 1 |
TOP OF THE 4TH |
Rome Braves batting - Pitching for Williamsport Crosscutters : RHP Brian Yager
|
Batting: RHB Jose Ramos
|
0-0: Ground out 4-3 (Groundball, 4, EV 76.9 MPH)
|
Batting: RHB Peter Wheeler
|
0-0: Reached on error, E6 (Groundball, 6, EV 79.4 MPH)
|
Batting: SHB Eric Reeser
|
0-0: Foul Ball, location: 2F 0-1: Swinging Strike 0-2: Strikes out looking
|
Batting: LHB Malik Boulay
|
0-0: Called Strike 0-1: Ball 1-1: Called Strike 1-2: Ball 2-2: Ground out 4-3 (Groundball, 34, EV 88.8 MPH)
|
Top of the 4th over - 0 runs, 0 hits, 1 error, 1 left on base; Rome 1 - Williamsport 1 |
BOTTOM OF THE 4TH |
Williamsport Crosscutters batting - Pitching for Rome Braves : RHP Jae-young Jhang
|
Batting: RHB Matt McDevitt
|
0-0: Ground out 6-3 (Groundball, 6, EV 105.6 MPH)
|
Batting: RHB Allen Gravel
|
0-0: Ball 1-0: Foul Ball, location: 2F 1-1: SINGLE (Groundball, 4D, EV 100.6 MPH)
|
Batting: RHB Ken Gadberry
|
0-0: Ball 1-0: Ball 2-0: Ball 3-0: Base on Balls Allen Gravel to second
|
Batting: RHB Jimmy Misener
|
0-0: Called Strike 0-1: Fielders Choice at 2nd, 6-4 (Groundball, 56, EV 101.9 MPH) Allen Gravel to third
|
Batting: RHB Cory Bonham
|
0-0: Called Strike 0-1: TRIPLE (Flyball, 9D, EV 93.8 MPH) Allen Gravel scores Jimmy Misener scores
|
Batting: RHB Prabhukumar Santhanakrishnan
|
0-0: Fly out, F9 (Flyball, 9LS, EV 90.6 MPH)
|
Bottom of the 4th over - 2 runs, 2 hits, 0 errors, 1 left on base; Rome 1 - Williamsport 3 |
TOP OF THE 5TH |
Rome Braves batting - Pitching for Williamsport Crosscutters : RHP Brian Yager
|
Batting: RHB Adrian Billups
|
0-0: Called Strike 0-1: Ball 1-1: Foul Ball, location: 2F 1-2: Strikes out swinging
|
Batting: RHB Alex Velasquez
|
0-0: Ball 1-0: Foul Ball, location: 2F 1-1: Ball 2-1: Ball 3-1: Called Strike 3-2: Strikes out swinging
|
Batting: RHB Brandon Burrell
|
0-0: Ball 1-0: Foul Ball, location: 2F 1-1: Fly out, F9 (Line Drive, 9D, EV 92.5 MPH)
|
Top of the 5th over - 0 runs, 0 hits, 0 errors, 0 left on base; Rome 1 - Williamsport 3 |
BOTTOM OF THE 5TH |
Williamsport Crosscutters batting - Pitching for Rome Braves : RHP Jae-young Jhang
|
Batting: RHB Alan Weller
|
0-0: Ball 1-0: Swinging Strike 1-1: Ball 2-1: Called Strike 2-2: Strikes out looking
|
Batting: SHB Benjamin Brown
|
0-0: Ball 1-0: Called Strike 1-1: Swinging Strike 1-2: Ball 2-2: Strikes out swinging
|
Batting: LHB Tsuneharu Nishimura
|
0-0: Ball 1-0: Called Strike 1-1: Foul Ball, location: 2F 1-2: Ground out 4-3 (Groundball, 4, EV 100.6 MPH)
|
Bottom of the 5th over - 0 runs, 0 hits, 0 errors, 0 left on base; Rome 1 - Williamsport 3 |
TOP OF THE 6TH |
Rome Braves batting - Pitching for Williamsport Crosscutters : RHP Brian Yager
|
Batting: RHB Ike Trout
|
0-0: Called Strike 0-1: Ball 1-1: Foul Ball, location: 2F 1-2: Ground out U3 (Groundball, 3L, EV 107.5 MPH)
|
Batting: LHB Mike Tenorio
|
0-0: Foul Ball, location: 2F 0-1: Ground out 4-3 (Groundball, 4, EV 86.3 MPH)
|
Batting: RHB Jose Ramos
|
0-0: Called Strike 0-1: Swinging Strike 0-2: Ball 1-2: Strikes out swinging
|
Top of the 6th over - 0 runs, 0 hits, 0 errors, 0 left on base; Rome 1 - Williamsport 3 |
BOTTOM OF THE 6TH |
Williamsport Crosscutters batting - Pitching for Rome Braves : RHP Jae-young Jhang
|
Batting: RHB Matt McDevitt
|
0-0: Ball 1-0: Foul Ball, location: 2F 1-1: Foul Ball, location: 2F 1-2: Ground out 6-3 (Groundball, 6, EV 88.1 MPH)
|
Pitching: RHP Dan Spahn
|
|
Batting: RHB Allen Gravel
|
0-0: Foul Ball, location: 2F 0-1: Ball 1-1: Called Strike 1-2: Foul Ball, location: 2F 1-2: SINGLE (Groundball, 4MD, EV 93.8 MPH)
|
Batting: RHB Ken Gadberry
|
0-0: Called Strike 0-1: Ball 1-1: Swinging Strike 1-2: Foul Ball, location: 2F 1-2: Ball 2-2: DOUBLE (Line Drive, 78XD, EV 106.3 MPH) Allen Gravel to third Runner from 3rd tries for Home, SAFE, no throw by CF
|
Batting: RHB Jimmy Misener
|
0-0: Fly out, F7 (Flyball, 7S, EV 86.3 MPH)
|
Batting: RHB Cory Bonham
|
0-0: Fly out, F4 (Line Drive, 4, EV 64.4 MPH)
|
Bottom of the 6th over - 1 run, 2 hits, 0 errors, 1 left on base; Rome 1 - Williamsport 4 |
TOP OF THE 7TH |
Rome Braves batting - Pitching for Williamsport Crosscutters : RHP Brian Yager
|
Batting: RHB Peter Wheeler
|
0-0: Fly out, F3 (Popup, 34S, EV 85.6 MPH)
|
Batting: SHB Eric Reeser
|
0-0: Ball 1-0: Called Strike 1-1: Called Strike 1-2: Ball 2-2: Ground out 4-3 (Groundball, 4M, EV 110.0 MPH)
|
Batting: LHB Malik Boulay
|
0-0: Called Strike 0-1: Ground out 5-3 (Groundball, 56, EV 87.5 MPH)
|
Top of the 7th over - 0 runs, 0 hits, 0 errors, 0 left on base; Rome 1 - Williamsport 4 |
BOTTOM OF THE 7TH |
Williamsport Crosscutters batting - Pitching for Rome Braves : RHP Dan Spahn
|
Pitching: RHP Nikita Eliseenko
|
|
Batting: RHB Prabhukumar Santhanakrishnan
|
0-0: DOUBLE (Line Drive, 78M, EV 93.1 MPH)
|
Pinch Runner at 2nd Matt Sybrant:
|
|
Batting: RHB Alan Weller
|
0-0: Called Strike 0-1: Foul Ball, location: 2F 0-2: Foul Ball, location: 2F 0-2: Strikes out swinging
|
Batting: SHB Benjamin Brown
|
0-0: Swinging Strike 0-1: Ball 1-1: Fly out, F8 (Flyball, 89D, EV 81.3 MPH)
|
Batting: LHB Tsuneharu Nishimura
|
0-0: Called Strike 0-1: Fly out, F9 (Flyball, 9S, EV 86.9 MPH)
|
Bottom of the 7th over - 0 runs, 1 hit, 0 errors, 1 left on base; Rome 1 - Williamsport 4 |
TOP OF THE 8TH |
Rome Braves batting - Pitching for Williamsport Crosscutters : RHP Brian Yager
|
Pitching: LHP Victor Villarreal
|
|
Now in LF: Manoel Camp
|
|
Now in CF: Tsuneharu Nishimura
|
|
Batting: RHB Adrian Billups
|
0-0: Called Strike 0-1: Ground out 6-3 (Groundball, P, EV 78.8 MPH)
|
Batting: RHB Alex Velasquez
|
0-0: Called Strike 0-1: Ball 1-1: Ball 2-1: Swinging Strike 2-2: Foul Ball, location: 2F 2-2: Foul Ball, location: 2F 2-2: Foul Ball, location: 2F 2-2: Foul Ball, location: 2F 2-2: Strikes out swinging
|
Batting: RHB Brandon Burrell
|
0-0: Foul Ball, location: 2F 0-1: Ball 1-1: DOUBLE (Flyball, 8LXD, EV 98.1 MPH)
|
Batting: RHB Ike Trout
|
0-0: Called Strike 0-1: Foul Ball, location: 2F 0-2: Ball 1-2: Strikes out swinging
|
Top of the 8th over - 0 runs, 1 hit, 0 errors, 1 left on base; Rome 1 - Williamsport 4 |
BOTTOM OF THE 8TH |
Williamsport Crosscutters batting - Pitching for Rome Braves : RHP Nikita Eliseenko
|
Batting: RHB Matt McDevitt
|
0-0: Swinging Strike 0-1: Ball 1-1: Fly out, F8 (Flyball, 8LS, EV 88.8 MPH)
|
Batting: RHB Allen Gravel
|
0-0: Ball 1-0: Foul Ball, location: 2F 1-1: Called Strike 1-2: Foul Ball, location: 2F 1-2: Ball 2-2: Strikes out swinging
|
Batting: RHB Ken Gadberry
|
0-0: Foul Ball, location: 2F 0-1: Foul Ball, location: 2F 0-2: Ball 1-2: Ground out 5-3 (Groundball, 5S, EV 83.8 MPH)
|
Bottom of the 8th over - 0 runs, 0 hits, 0 errors, 0 left on base; Rome 1 - Williamsport 4 |
TOP OF THE 9TH |
Rome Braves batting - Pitching for Williamsport Crosscutters : LHP Victor Villarreal
|
Pitching: RHP Dou-guan Ti
|
|
Batting: LHB Mike Tenorio
|
0-0: Called Strike 0-1: Ball 1-1: Ball 2-1: Ball 3-1: Base on Balls
|
Batting: RHB Jose Ramos
|
0-0: Ball 1-0: Called Strike 1-1: Ball 2-1: Foul Ball, location: 2F 2-2: TRIPLE (Line Drive, 89XD, EV 100.0 MPH) Mike Tenorio scores
|
Pinch Hitting: LHB Javier Rubio
|
0-0: Ball 1-0: Foul Ball, location: 2F 1-1: Called Strike 1-2: Strikes out swinging
|
Batting: SHB Eric Reeser
|
0-0: Ball 1-0: Ball 2-0: Swinging Strike 2-1: Foul Ball, location: 2F 2-2: Strikes out swinging
|
Batting: LHB Malik Boulay
|
0-0: Called Strike 0-1: Ball 1-1: Called Strike 1-2: Ground out 4-3 (Groundball, 4S, EV 93.8 MPH)
|
Top of the 9th over - 1 run, 1 hit, 0 errors, 1 left on base; Rome 2 - Williamsport 4 |
|